 Dungeon Crawl Stone Soup version 0.24.0-1-gfbc8707122 (webtiles) character file.

Game seed: 9828645467620227738, levelgen mode: deterministic

9193 Monsterracer the Cleaver (level 11, 0/100 HPs)
             Began as a Deep Dwarf Fighter on Oct 29, 2019.
             Was a Priest of Makhleb.
             Killed by divine providence
             ... invoked by a meliai
              (3 damage)
             ... in a Gauntlet.
             The game lasted 00:07:56 (6997 turns).

Monsterracer the Cleaver (Deep Dwarf Fighter)       Turns: 6997, Time: 00:07:56

Health: 0/100      AC: 15    Str: 22    XL:     11   Next: 19%
Magic:  7/7        EV: 12    Int: 16    God:    Makhleb [***...]
Gold:   124        SH: 13    Dex: 12    Spells: 10/10 levels left

rFire    . . .     SeeInvis .   a - +2 hand axe (elec)
rCold    . . .     Gourm    .   m - +0 shield
rNeg     . . .     Faith    .   y - +5 ring mail of Hadjma {Int+6}
rPois    .         Spirit   .   v - +2 helmet
rElec    .         Reflect  +   (no cloak)
rCorr    .         Harm     .   (no gloves)
MR       ++...     NoTele   +   (no boots)
Stlth    +.........             G - +2 amulet of reflection
HPRegen  0.00/turn              M - ring of protection from magic
MPRegen  0.10/turn              i - +2 ring of evasion

@: lethally poisoned (0 -> -1), non-regenerating
A: damage resistance, heal wounds, sense surroundings 2, no regeneration
a: Heal Wounds, Minor Destruction, Lesser Servant of Makhleb, Renounce Religion


You were in a Gauntlet.
You worshipped Makhleb.
Makhleb was most pleased with you.
You were not hungry.

You visited 2 branches of the dungeon, and saw 11 of its levels.
You also visited: Sewer and Gauntlet.

You collected 318 gold pieces.
You spent 194 gold pieces at shops.

Inventory:

Hand Weapons
 a - a +2 hand axe of electrocution (weapon)
   (You took it off Blork the orc on level 4 of the Dungeon)
 b - a +3 trident
   (You took it off a wight on level 7 of the Dungeon)
Missiles
 f - 2 throwing nets (quivered) {!f}
Armour
 m - a +0 shield (worn)
 s - the +1 scale mail of the Duchess {rF+ Str+4}
   (You found it on level 6 of the Dungeon)

   It affects your strength (+4).
   It protects you from fire.
 v - a +2 helmet (worn)
   (You found it on level 2 of the Dungeon)
 y - the +5 ring mail of Hadjma (worn) {Int+6}
   (You found it in a Gauntlet)

   It affects your intelligence (+6).
 C - a +0 plate armour
   (You found it on level 1 of the Lair of Beasts)
Jewellery
 i - a +2 ring of evasion (right hand)
   (You found it on level 1 of the Dungeon)
 k - a +5 ring of intelligence
   (You found it on level 4 of the Dungeon)
 G - a +2 amulet of reflection (around neck)
   (You found it in a Gauntlet)
 M - a ring of protection from magic (left hand)
   (You found it on level 1 of the Dungeon)
Wands
 o - a wand of flame (9)
   (You found it on level 3 of the Dungeon)
 w - a wand of iceblast (21)
   (You found it on level 7 of the Dungeon)
 x - a wand of clouds (7)
   (You found it on level 7 of the Dungeon)
 D - a wand of polymorph (4)
   (You found it on level 8 of the Dungeon)
Scrolls
 l - a scroll of enchant armour
 p - 2 scrolls of enchant weapon
 r - 4 scrolls of remove curse
 u - 3 scrolls of immolation {!r}
 X - 3 scrolls of blinking
Potions
 d - a potion of cancellation
 e - 3 potions of curing
 g - a potion of resistance
 h - a potion of haste
 j - 2 potions of might
 n - a potion of flight {unknown}
 q - a potion of berserk rage {unknown}
 t - a potion of invisibility {unknown}
 z - a potion of agility {unknown}
 A - a potion of heal wounds {unknown}
 B - 2 potions of ambrosia {unknown}
 E - a potion of lignification {unknown}
 F - 2 potions of mutation {!q}
Comestibles
 c - 14 rations


   Skills:
 + Level 7.2 Fighting
 * Level 11.4 Axes
 + Level 8.7 Armour
 + Level 1.5 Dodging
 + Level 8.7 Shields
 + Level 7.9 Invocations


You had 10 spell levels left.
You didn't know any spells.
Your spell library contained the following spells:

 Spells                   Type           Power        Failure   Level  Hunger
 Corona                   Hex            #......      63%         1    ##.....
 Slow                     Hex            #.......     77%         2    ###....
 Inner Flame              Hex/Fire       #.......     94%         3    ####...
 Portal Projectile        Hex/Tloc       #.....       94%         3    ####...
 Cause Fear               Hex            #.........   100%        4    #####..
 Leda's Liquefaction      Hex/Erth       #.........   100%        4    #####..


Dungeon Overview and Level Annotations

Branches:
Dungeon (9/15)             Temple (0/1) D:4            Lair (2/6) D:9
  Sewer (visited)         Gauntlet (1/1)
  Swamp: Lair:2-4    Shoals: Lair:2-4     Snake: Lair:2-4    Spider: Lair:2-4
    Orc: D:9-12

Altars:
Elyvilon
Makhleb
Uskayaw

Shops:
D:7 ?

Annotations:
Gauntlet 11 transporters


Innate Abilities, Weirdness & Mutations

You are resistant to damage.
You can heal yourself by infusing magical energy.
You passively map the area around you.
You do not regenerate.


Message History

The meliai stings you but does no damage.
The meliai hits you but does no damage. The meliai misses you.
You block the meliai's attack. x2
Unknown command.
You closely miss the meliai.
The meliai is severely wounded.
You hit the meliai. You closely miss the meliai.
The meliai invokes the aid of its god against you.
Something smites you!
* * * LOW HITPOINT WARNING * * *
You block the meliai's attack. The meliai closely misses you.
You block the meliai's attack.
The meliai stings you but does no damage.
The meliai hits you with a +0 hand axe of chopping.
You block the meliai's attack. The meliai hits you with a +0 hand axe!
* * * LOW HITPOINT WARNING * * *
The meliai stings you.
* * * LOW HITPOINT WARNING * * *
Unknown command.
Your magical essence is drained by the effort!
You feel much better. The meliai hits you with a +0 hand axe!
The meliai stings you.
You are more poisoned.
The meliai poisons you! You block the meliai's attack. x2
The meliai calls down the wrath of its god upon you.
Something smites you!
* * * LOW HITPOINT WARNING * * *
The meliai hits you with a +0 hand axe. The meliai misses you.
The meliai barely misses you. The meliai completely misses you.
Unknown command.
Unknown command.
You fail to use your ability.
You feel sick. The meliai misses you. You block the meliai's attack.
The meliai calls upon its god to heal the meliai.
The meliai's wounds heal themselves!
The meliai hits you with a +0 hand axe of chopping.
* * * LOW HITPOINT WARNING * * *
You block the meliai's attack. x2; The meliai closely misses you.
The meliai barely misses you. The meliai misses you.
The meliai barely misses you. The meliai stings you.
Unknown command.
You fail to use your ability.
You feel very sick. You block the meliai's attack. x2
The meliai calls down the wrath of its god upon you.
Something smites you!
* * * LOW HITPOINT WARNING * * *
The meliai completely misses you. You block the meliai's attack.
The meliai calls down the wrath of its god upon you.
Something smites you!
* * * LOW HITPOINT WARNING * * *
The meliai hits you with a +0 hand axe.
* * * LOW HITPOINT WARNING * * *
The meliai stings you but does no damage.
Okay, then.
You feel much better.
You feel sick. You block the meliai's attack. x2
The meliai hits you but does no damage. You block the meliai's attack.
The meliai closely misses you.
The meliai stings you but does no damage.
The meliai barely misses you. x2; The meliai misses you. x2
You block the meliai's attack.
The meliai stings you but does no damage.
Unknown command.
Unknown command.
Unknown command.
You fail to use your ability.
You feel sick. You block the meliai's attack. x2
The meliai hits you with a +0 hand axe!
* * * LOW HITPOINT WARNING * * *
You block the meliai's attack. The meliai hits you with a +0 hand axe.
* * * LOW HITPOINT WARNING * * *
The meliai stings you but does no damage.
You block the meliai's attack.
The meliai stings you but does no damage.
The meliai barely misses you.
The meliai stings you but does no damage.
The meliai hits you with a +0 hand axe.
The meliai stings you but does no damage.
Unknown command.
Unknown command.
You feel much better.
You feel sick. The meliai hits you but does no damage.
The meliai stings you but does no damage.
The meliai closely misses you. The meliai barely misses you.
The meliai closely misses you.
The meliai stings you but does no damage.
The meliai barely misses you. You block the meliai's attack.
The meliai hits you with a +0 hand axe!
* * * LOW HITPOINT WARNING * * *
You block the meliai's attack.
Unknown command.
You hit the meliai.
The meliai is severely wounded.
You closely miss the meliai. x2; You feel sick.
You block the meliai's attack. The meliai closely misses you.
The meliai hits you but does no damage. The meliai barely misses you.
The meliai invokes the aid of its god against you.
Something smites you!
* * * LOW HITPOINT WARNING * * *
The meliai mumbles some strange prayers to its god against you.
Something smites you!
You die...

...#©#.......#©#........###
########...###########..#8#
....Z..#...#.....#...#..###
PP.PPP.#...#..##..#..#....#
#..P#P[#...#(.#..##..#....###
...PP.[#...#[.##..#..###..#8#
..©.P.©#...#©.#.©##..#©#..###
P..PP..#...#?.##y.#..#.#..#
#..P#P)#...#..#.@##..#.#..###
.P.P..s#...#..##yy#..#.#..#8#
....ZsZ#...#.....#...#.#..#######
########...###########.#........#
.........§...........#.#........#
####....≈8≈....#######.#######...
..©#.....≈.....#©...........©#...
########...######################
."©.!..#...##©##....h#.##.#†©†.†#


You could see 3 meliai.

Vanquished Creatures
  A torpor snail (Gauntlet)
  A spiny frog (Lair:1)
  An ice devil (Gauntlet)
  Grinder (D:4)
  2 hippogriffs (D:9 Lair:1)
  A human (D:7)
  2 wyverns (D:8 Lair:1)
  12 yaks (D:9 Lair:1 Gauntlet)
  2 basilisks (D:9)
  4 hogs (D:7)
  A water moccasin (Lair:2)
  2 porcupines (D:9)
  2 orc warriors (D:8)
  2 sky beasts (D:5 D:8)
  A phantom (D:5)
  8 wolves (Lair:1)
  6 ogres (D:4 D:5 D:6)
  A crocodile (Lair:1)
  Blork the orc (D:4)
  A big kobold (D:8)
  11 bullfrogs (D:3 D:6 D:7 D:8 Lair:1)
  A gnoll sergeant (D:9)
  2 scorpions (D:5 D:9)
  7 killer bees (D:8)
  5 wights (D:7)
  3 howler monkeys (D:7)
  4 electric eels (D:9)
  A jelly (D:8)
  A quasit (D:6)
  4 hounds (D:4 D:7 D:8)
  A bullfrog skeleton (D:4)
  A centaur zombie (D:5)
  2 orc priests (D:8)
  A worker ant (D:4)
  4 orc wizards (D:5 D:8)
  A hound skeleton (D:6)
  A worker ant zombie (D:7)
  22 gnolls (D:2 D:3 D:4 D:7 D:9)
  15 adders (D:2 D:3 D:4 D:6 D:8)
  3 shadow imps (D:5 D:7 D:9)
  2 white imps (Gauntlet)
  3 oozes (D:1 D:3)
  4 adder skeletons (D:4 D:6)
  3 worms (D:2 D:3 D:5)
  5 dart slugs (D:1 D:3)
  7 leopard geckos (D:1 D:2 D:3 D:6 D:7)
  20 orcs (D:4 D:5 D:7 D:8 D:9)
  10 ball pythons (Sewer D:4 D:5)
  13 giant cockroaches (D:1 D:2 D:3 D:4 D:5)
  5 goblins (D:1 D:2 D:3)
  5 hobgoblins (D:1 D:3)
  8 jackals (D:1 Sewer)
  20 kobolds (D:1 D:2 Sewer D:3 D:8)
  6 quokkas (D:2 D:3 D:4 D:6 D:8)
  7 bats (D:1 D:2 D:3)
  6 frilled lizards (D:1 D:2 Sewer D:3)
  A quokka skeleton (D:6)
  5 rats (D:1 D:2 D:3)
  3 plants (Sewer)
275 creatures vanquished.

Vanquished Creatures (others)
  An adder (D:9)
  A bush (D:9)
  A fungus (D:9)
  2 plants (D:9)
  24 withered plants (Gauntlet)
29 creatures vanquished.

Grand Total: 304 creatures vanquished

Notes
Turn   | Place    | Note
-------+----------+-------------------------------------------
     0 | D:1      | Monsterracer the Deep Dwarf Fighter began the quest for the
                  | Orb.
     0 | D:1      | Reached XP level 1. HP: 20/20 MP: 1/1
    69 | D:1      | Reached XP level 2. HP: 24/27 MP: 2/2
   321 | D:1      | Reached skill level 3 in Axes
   321 | D:1      | Reached XP level 3. HP: 29/33 MP: 3/3
   792 | D:2      | Reached XP level 4. HP: 35/42 MP: 4/4
   803 | D:2      | HP: 19/42 [gnoll/cursed -3 club (3)]
   828 | D:2      | HP: 18/42 [gnoll/+0 whip (6)]
   834 | D:2      | HP: 11/42 [gnoll/stone (1)]
   838 | D:2      | Reached skill level 4 in Axes
   839 | D:2      | Reached XP level 5. HP: 29/49 MP: 5/5
  1221 | D:3      | HP: 23/49 [bullfrog (6)]
  1348 | D:3      | Found a glowing drain.
  1370 | Sewer    | Entered a sewer
  1396 | Sewer    | Reached XP level 6. HP: 41/56 MP: 5/5
  1991 | D:3      | HP: 28/57 [gnoll/+2 halberd of chopping (1)]
  2161 | D:3      | Reached skill level 5 in Axes
  2422 | D:4      | Noticed Blork the orc
  2441 | D:4      | HP: 28/57 [something/magic dart (4)]
  2443 | D:4      | HP: 9/57 [something (17)]
  2448 | D:4      | Killed Blork the orc
  2470 | D:4      | HP: 16/57 [gnoll/+0 club (1)]
  2477 | D:4      | Reached XP level 7. HP: 47/64 MP: 4/4
  2484 | D:4      | HP: 27/64 [ogre/+0 giant spiked club (8)]
  2487 | D:4      | Reached skill level 5 in Armour
  2527 | D:4      | Noticed Grinder
  2536 | D:4      | Killed Grinder
  2536 | D:4      | Reached skill level 6 in Axes
  2536 | D:4      | Reached skill level 5 in Shields
  2562 | D:4      | Found a burning altar of Makhleb.
  2572 | D:4      | Found a staircase to the Ecumenical Temple.
  2616 | D:4      | Became a worshipper of Makhleb the Destroyer
  3001 | D:5      | Entered Level 5 of the Dungeon
  3008 | D:5      | HP: 27/66 [ogre/+0 giant club (7)]
  3009 | D:5      | Reached skill level 1 in Invocations
  3069 | D:5      | Reached XP level 8. HP: 41/73 MP: 3/5
  3117 | D:5      | HP: 24/73 [ogre/+0 giant club (17)]
  3123 | D:5      | HP: 31/73 [ogre/+0 giant club (6)]
  3130 | D:5      | Reached skill level 7 in Axes
  3174 | D:5      | HP: 24/73 [ogre/+0 giant club (20)]
  3299 | D:5      | HP: 18/73 [ogre/+0 giant club (22)]
  3303 | D:5      | Reached skill level 5 in Fighting
  4009 | D:6      | Got a faintly humming scale mail
  4035 | D:6      | HP: 37/74 [quasit (2)]
  4058 | D:6      | Identified the +1 scale mail of the Duchess {rF+ Str+4}
                  | (You found it on level 6 of the Dungeon)
  4131 | D:6      | Reached * piety under Makhleb
  4237 | D:7      | Found a white marble altar of Elyvilon.
  4304 | D:7      | Reached skill level 8 in Axes
  4324 | D:7      | Gained mutation: You passively map the area around you.
                  | [Deep Dwarf growth]
  4324 | D:7      | Reached XP level 9. HP: 49/81 MP: 6/6
  4348 | D:7      | Found Vyahujit's Magic Scroll Emporium.
  4356 | D:7      | Bought a scroll of enchant armour for 97 gold pieces
  4356 | D:7      | Bought a scroll of blinking for 97 gold pieces
  4484 | D:7      | Found a hide-covered altar of Uskayaw.
  4824 | D:7      | HP: 39/81 [hog (2)]
  4829 | D:7      | Reached skill level 9 in Axes
  4830 | D:7      | Reached skill level 5 in Invocations
  4997 | D:8      | HP: 40/82 [killer bee (5)]
  5003 | D:8      | HP: 38/82 [killer bee (2)]
  5013 | D:8      | HP: 36/82 [killer bee (2)]
  5026 | D:8      | Reached ** piety under Makhleb
  5027 | D:8      | HP: 34/82 [killer bee (5)]
  5490 | D:8      | HP: 41/82 [wyvern (5)]
  5492 | D:8      | HP: 18/82 [wyvern (11)]
  5496 | D:8      | Reached XP level 10. HP: 49/91 MP: 8/8
  5497 | D:8      | HP: 43/91 [killer bee (6)]
  5507 | D:8      | HP: 29/91 [killer bee (6)]
  5598 | D:8      | HP: 43/91 [orc warrior/+0 glaive (12)]
  6015 | D:9      | HP: 42/91 [electric eel/bolt of electricity (4)]
  6021 | D:9      | HP: 44/91 [electric eel/bolt of electricity (5)]
  6024 | D:9      | Reached skill level 10 in Axes
  6025 | D:9      | HP: 19/91 [gnoll sergeant/+0 trident (5)]
  6030 | D:9      | HP: 40/91 [electric eel/bolt of electricity (9)]
  6046 | D:9      | Reached *** piety under Makhleb
  6151 | D:9      | HP: 42/92 [basilisk (9)]
  6167 | D:9      | HP: 42/92 [yak (5)]
  6180 | D:9      | HP: 44/92 [yak (5)]
  6190 | D:9      | HP: 46/92 [porcupine's spines (10)]
  6199 | D:9      | Found a staircase to the Lair.
  6230 | D:9      | HP: 44/92 [electric eel/bolt of electricity (6)]
  6256 | D:9      | HP: 40/92 [electric eel/bolt of electricity (9)]
  6258 | D:9      | HP: 15/92 [electric eel/bolt of electricity (10)]
  6259 | D:9      | HP: 2/92 [electric eel/bolt of electricity (12)]
  6278 | Lair:1   | Entered Level 1 of the Lair of Beasts
  6278 | Lair:1   | Noticed a spiny frog
  6293 | Lair:1   | Killed a spiny frog
  6313 | Lair:1   | Reached skill level 11 in Axes
  6390 | Lair:1   | Reached XP level 11. HP: 88/100 MP: 8/8
  6448 | Lair:2   | HP: 46/100 [/a scroll of torment (42)]
  6458 | Lair:2   | HP: 25/100 [porcupine (10)]
  6463 | Lair:2   | HP: 38/100 [porcupine (6)]
  6470 | Lair:2   | Found a gate leading to a gauntlet.
  6471 | Lair:2   | HP: 30/100 [porcupine (8)]
  6477 | Gauntlet | Entered a Gauntlet
  6477 | Gauntlet | Found a transporter.
  6477 | Gauntlet | Found a transporter.
  6483 | Gauntlet | Found a transporter.
  6483 | Gauntlet | Found a transporter.
  6498 | Gauntlet | Found a transporter.
  6509 | Gauntlet | Found a transporter.
  6515 | Gauntlet | Noticed a death scarab
  6519 | Gauntlet | Found a transporter.
  6519 | Gauntlet | Found a transporter.
  6520 | Gauntlet | Noticed a death scarab
  6543 | Gauntlet | Found a transporter.
  6544 | Gauntlet | Found the macabre finger necklace {rN+}
  6550 | Gauntlet | Found a transporter.
  6562 | Gauntlet | Found a transporter.
  6580 | Gauntlet | Found a transporter.
  6625 | Gauntlet | Found a transporter.
  6639 | Gauntlet | Found a transporter.
  6740 | Gauntlet | Found a transporter.
  6755 | Gauntlet | Found a transporter.
  6851 | Gauntlet | HP: 39/100 [ice devil (21)]
  6853 | Gauntlet | HP: 15/100 [ice devil (16)]
  6870 | Gauntlet | Got a transparent ring mail
  6881 | Gauntlet | Identified the +5 ring mail of Hadjma {Int+6} (You found it
                  | in a Gauntlet)
  6924 | Gauntlet | Reached skill level 1 in Dodging
  6933 | Gauntlet | HP: 43/100 [yak (11)]
  6975 | Gauntlet | HP: 49/100 [meliai/divine providence (14)]
  6980 | Gauntlet | HP: 38/100 [meliai/+0 hand axe of chopping (3)]
  6984 | Gauntlet | HP: 17/100 [meliai/+0 hand axe of chopping (9)]
  6990 | Gauntlet | HP: 29/100 [meliai/divine providence (13)]
  6993 | Gauntlet | HP: 9/100 [meliai/divine providence (10)]
  6993 | Gauntlet | HP: 4/100 [meliai/divine providence (5)]
  6997 | Gauntlet | Killed from afar by a meliai

Levels and vault maps discovered:
D:1:      roderic_dead_forest, layout_loops_ring
D:2:      layout_rooms, nrook_uturn
D:3:      layout_basic, gup_sewer_entry_pipe
D:4:      layout_basic, minmay_temple_entry_statues, first_ration,
          lemuel_tele_altar, uniq_grinder, uniq_blork_the_orc
D:5:      layout_rooms
D:6:      layout_gridville, minmay_misc_feat_encased, minmay_statues_item
D:7:      layout_loops_cross, elyvilon_altar_1, basic_altar, serial_shops, shop,
          grunt_livestock
D:8:      layout_loops_corners, kennysheep_small_square
D:9:      layout_basic, minmay_lair_entry_grove, david_orc_4
Lair:1:   layout_hall_layers, beast_lair_carwin_7, infiniplex_staircase_pool_2
Lair:2:   layout_cave_pods, nicolae_swamp_entry_splash_gauntlet,
          gauntlet_entry_generic
Gauntlet: gammafunk_gauntlet_branching [gammafunk_gauntlet_arena_split_x,
          gammafunk_gauntlet_arena_open, gammafunk_gauntlet_arena_mazey,
          gammafunk_gauntlet_arena_spirals,
          gammafunk_gauntlet_arena_split_diamond,
          nicolae_gauntlet_arena_grate_2, gammafunk_gauntlet_arena_teeth,
          gammafunk_gauntlet_arena_hedges, gauntlet_exit_green]

Skill      XL: |  1  2  3  4  5  6  7  8  9 10 11 |
---------------+----------------------------------+-----
Axes           | 3 4 5 6 8 9 11 | 11.4
Fighting       | 3 4 5 6 7 |  7.2
Armour         | 4 5 6 7 8 |  8.7
Shields        | 4 5 6 7 8 |  8.7
Invocations    | 1 3 5 7 |  7.9
Dodging        | 1 |  1.5

Action                   |  1- 3 |  4- 6 |  7- 9 | 10-12 || total
-------------------------+-------+-------+-------+-------++-------
Melee: War axe           |   102 |   330 |       |       ||   432
       Hand axe          |       |     5 |   344 |   292 ||   641
 Abil: Heal Wounds       |       |     8 |    10 |    26 ||    44
  Use: Scroll            |       |     9 |     5 |     5 ||    19
       Potion            |       |     1 |       |       ||     1
  Eat: Chunk             |       |     7 |     9 |     4 ||    20
       Ration            |       |       |       |     1 ||     1
Armor: Scale mail        |    63 |   139 |   118 |    62 ||   382
       Ring mail         |       |       |       |    36 ||    36
Dodge: Dodged            |    53 |   142 |   130 |   110 ||   435
Block: Shield            |    74 |   187 |   189 |   185 ||   635
